AoeStats
← CrookCrab8029

Arena

508373088Analyzed
3v3 RM · 10d ago on Sep 22, 2026· 21m 4s· 6 players
Game mode
Random Map
Map size
Normal (6 player)
Population
200
Speed
Normal
Resources
Standard
Victory
Conquest
Starting age
Dark Age
Ending age
Imperial Age
RankedLock teamsTeams togetherTeam positionsShared explorationLock speedFull tech treeHidden civsTurbo modeCheats
Victory
Defeat
🇲🇽 Persians · Mexico
1112
+12
🇲🇽 Huns · Mexico
1068
+13
🇲🇽 Malians · Mexico
936
+19
🇺🇸 Romans · United States
1027
-15
🇨🇳 Spanish · China
1018
-15
🇦🇺 Hindustanis · Australia
981
-14
CrookCrab8029
0:53 Loom
9:43 Feudal Age
19:23 Castle Age
19:35 Wheelbarrow
22:10 Castle Age
21:49 Wheelbarrow
hidalGOD
11:17 Feudal Age
9:35 Loom
16:44 Castle Age
17:56 Forging
17:46 Scale Mail Armor
TUSHIRO
11:31 Feudal Age
9:48 Loom
15:17 Castle Age
13:32 Double-Bit Axe
13:30 Horse Collar
13:50 Gold Mining
18:45 Bow Saw
Reaper20131
4:41 Loom
11:19 Feudal Age
16:48 Castle Age
16:11 Gold Mining
16:14 Stone Mining
16:20 Double-Bit Axe
16:30 Gold Mining
KingJo
9:18 Feudal Age
10:07 Feudal Age
15:04 Castle Age
16:38 Double-Bit Axe
火枪
13:16 Feudal Age
17:46 Castle Age
16:04 Double-Bit Axe
17:21 Horse Collar
17:58 Bloodlines
Connection lost

Rejoining the realm…

Still unreachable

The connection could not be restored.

Session expired

The server has moved on; the page needs a fresh start.